 Dungeon Sprint DCSS version 0.19.0-22-gd96e5fe (webtiles) character file.

786 equalderp2856 the Unseen (level 7, 0/31 HPs)
             Began as a Felid Fighter on Nov 18, 2016.
             Succumbed to a killer bee's poison
             ... in the Dungeon (Sprint III: "The Ten Rune Challenge").
             The game lasted 00:13:52 (1832 turns).

equalderp2856 the Unseen (Felid Fighter)            Turns: 1832, Time: 00:13:53

Health: 0/31       AC:  4    Str: 13    XL:     7   Next: 56%
Magic:  16/16      EV: 26    Int: 11    God:
Gold:   16         SH:  0    Dex: 16    Spells: 7 memorised, 5 levels left
                                        Lives:  0   Deaths: 2

rFire  . . .     SeeInvis +       - Unarmed
rCold  . . .     Gourm    .     (armour unavailable)
rNeg   . . .     Faith    .     (shield unavailable)
rPois  .         Spirit   .     (helmet unavailable)
rElec  .         Reflect  .     (cloak unavailable)
rCorr  .         Harm     .     (gloves unavailable)
MR     +....     NoTele   +     (boots unavailable)
Stlth  ++++++....               (no amulet)
                                (no ring)
                                (no ring)

@: lethally poisoned (0 -> -4), quick
A: no armour, no weapons or thrown items, stealth, claws 1, fangs 3, horns 1,
slimy green scales 1, see invisible, carnivore 3, speed 1, frail 1, shaggy fur
2, slow metabolism 1, sharp paws
a: no special abilities


You were in the Dungeon.
You were not hungry.

You visited 1 branch You collected 16 gold pieces.

Inventory:

Wands
 q - a wand of lightning (0/15)
Scrolls
 d - 2 scrolls of holy word {unknown}
 h - a scroll of blinking
 i - 2 scrolls of magic mapping {unknown}
 j - a scroll of identify {unknown}
 k - 3 scrolls of remove curse
Potions
 a - 2 potions of might
 c - a potion of mutation
 f - 2 potions of magic
 g - a potion of berserk rage
 l - 3 potions of cure mutation
 m - a potion of degeneration {unknown}
 n - a potion of flight {unknown}
 s - a potion of lignification {unknown}
Books
 o - a book of Minor Magic

   Spells                             Type                      Level
   a - Magic Dart                     Conjuration                  1
   b - Blink                          Translocation                2
   c - Call Imp                       Summoning                    2
   d - Repel Missiles                 Charms/Air                   2
   e - Slow                           Hexes                        2
   f - Conjure Flame                  Conjuration/Fire             3
   g - Mephitic Cloud                 Conjuration/Poison/Air       3
 p - a book of Cantrips

   Spells                             Type                      Level
   a - Confusing Touch                Hexes                        1
   b - Animate Skeleton               Necromancy                   1
   c - Summon Small Mammal            Summoning                    1
   d - Apportation                    Translocation                1
Comestibles
 b - 2 meat rations
 r - a royal jelly
 t - 2 chunks of flesh


   Skills:
 + Level 6.4 Fighting
 + Level 10.1 Dodging
 * Level 15.2 Stealth
 + Level 13.9 Unarmed Combat
 + Level 5.5 Spellcasting
 * Level 3.7 Conjurations
 + Level 4.2 Summonings
 + Level 1.6 Necromancy
 + Level 2.0 Translocations
 + Level 1.0 Evocations


You had 5 spell levels left.
You knew the following spells:

 Your Spells              Type           Power        Failure   Level  Hunger
a - Blink                 Tloc           N/A          17%         2    ##.....
b - Animate Skeleton      Necr           N/A          14%         1    None
c - Summon Small Mammal   Summ           ##..         3%          1    None
d - Confusing Touch       Hex            #.....       24%         1    None
e - Repel Missiles        Chrm/Air       #.....       34%         2    ##.....
f - Call Imp              Summ           ##......     6%          2    ##.....
g - Conjure Flame         Conj/Fire      #.......     30%         3    ###....


Dungeon Overview and Level Annotations

Branches:
Dungeon (1/1)

Altars:
Cheibriados
Dithmenos
Elyvilon
Fedhas
Gozag
Hepliaklqana
Kikubaaqudgha
Makhleb
Nemelex Xobeh
Okawaru
Qazlal
Ru
Sif Muna
Trog
Uskayaw
Vehumet
Xom
Yredelemnul
Zin
The Shining One
Beogh
Jiyva
Lugonu


Innate Abilities, Weirdness & Mutations

You cannot wear armour.
You are incapable of wielding weapons or throwing items.
Your paws allow you to move quietly. (Stealth)
You have sharp claws.
You have razor-sharp teeth.
You have supernaturally acute eyesight. (SInv)
You are carnivorous and can eat meat at any time.
You cover ground quickly.
You are covered in thick fur. (AC +2)
You have a slow metabolism.
Your sharp claws are effective at attacking unaware monsters.
You have a pair of small horns on your head.
You are partially covered in slimy green scales. (AC +2)
You are frail. (-10% HP)


Message History

There is an open door here.
You scratch the killer bee.
You kill the killer bee!
* * * LOW HITPOINT WARNING * * *
You feel sick.
The killer bee stings you but does no damage.
You closely miss the killer bee. Your claw misses the killer bee.
The killer bee is lightly wounded.
The killer bee misses you. The killer bee completely misses you.
You miss the killer bee.
You headbutt the killer bee, but do no damage.
You claw the killer bee.
The killer bee is moderately wounded.
The killer bee closely misses you. The killer bee completely misses you.
You closely miss the killer bee.
The killer bee is moderately wounded.
The killer bee misses you. The killer bee completely misses you.
You mangle the killer bee!!
You kill the killer bee!
You die...

.#......#####..#___#__[#__#
##.......#%.#..#)..#__)#._#
.##.##...#..#..###'#'###)##
.##.###..##'#..#..........#
####5##..###...'.⌠........#
##5.##..####...#...######†#
.r5b##.[###....#.⌠.#__#...#+#####
#.r##..)##.....#†y.#__#...#....#.
5.##....#......#@###__#...##y#.y#
.###..##.#.....#.).#__#...y##.#.#
.# #..#####....#___#__'...#...#..
▓▓ ▓▓▓▓ ▓▓▓▓▓▓▓▓▓▓▓▓▓▓▓▓▓▓▓▓▓▓▓


You could see a killer bee.

Vanquished Creatures
  Erolcha (D)
  A deep elf mage (D)
  2 redbacks (D)
  A shadow (D)
  2 hill giants (D)
  A spatial vortex (D)
  A necrophage (D)
  3 two-headed ogres (D)
  A water elemental (D)
  A scorpion (D)
  2 killer bees (D)
  A wizard (D)
  A jelly (D)
  Jessica (D)
  A necromancer (D)
  3 humans (D)
  A kobold demonologist (D)
  An ooze (D)
  2 rats (D)
27 creatures vanquished.

Vanquished Creatures (others)
  2 draconian scorchers (D)
  6 hellions (D)
  A yaktaur (D)
9 creatures vanquished.

Grand Total: 36 creatures vanquished

Notes
Turn   | Place    | Note
-------+----------+-------------------------------------------
     0 | D        | equalderp2856 the Felid Fighter began the quest for the Orb.
     0 | D        | Reached XP level 1. HP: 10/10 MP: 2/2
    24 | D        | Killed a yaktaur
   114 | D        | Killed a hellion
   116 | D        | Killed a hellion
   116 | D        | Killed a hellion
   116 | D        | Killed a hellion
   117 | D        | Killed a hellion
   123 | D        | Noticed Jessica
   129 | D        | Killed a hellion
   131 | D        | Killed Jessica
   131 | D        | Reached skill level 5 in Dodging
   131 | D        | Reached XP level 2. HP: 15/15 MP: 3/3
   131 | D        | Reached XP level 3. HP: 18/18 MP: 4/4
   139 | D        | Noticed a scorpion
   182 | D        | Killed a white draconian scorcher
   279 | D        | Killed a white draconian scorcher
   399 | D        | Killed a scorpion
   399 | D        | Reached skill level 3 in Stealth
   399 | D        | Reached XP level 4. HP: 9/22 MP: 5/5
   621 | D        | Noticed a water elemental
   630 | D        | Killed a water elemental
   630 | D        | Reached skill level 4 in Stealth
   630 | D        | Reached XP level 5. HP: 9/25 MP: 6/6
   836 | D        | Found a radiant altar of Vehumet.
   836 | D        | Found a deep blue altar of Sif Muna.
   836 | D        | Found an ancient bone altar of Kikubaaqudgha.
   838 | D        | Reached skill level 5 in Fighting
   838 | D        | Reached skill level 5 in Stealth
   864 | D        | Learned a level 2 spell: Blink
   866 | D        | Learned a level 1 spell: Animate Skeleton
   892 | D        | Found a glowing silver altar of Zin.
   892 | D        | Found a glowing golden altar of the Shining One.
   892 | D        | Found a white marble altar of Elyvilon.
   893 | D        | Noticed a deep elf mage
   906 | D        | Killed a deep elf mage
   906 | D        | Reached skill level 9 in Stealth
   906 | D        | Gained mutation: You are covered in thick fur. (AC +2) [Felid growth]
   906 | D        | Reached XP level 6. HP: 23/31 MP: 6/8
   906 | D        | Reached XP level 7. HP: 26/34 MP: 6/9
   941 | D        | Learned a level 1 spell: Summon Small Mammal
   943 | D        | Learned a level 1 spell: Confusing Touch
   946 | D        | Learned a level 2 spell: Repel Missiles
   959 | D        | Found a hide-covered altar of Uskayaw.
   959 | D        | Found a roughly hewn altar of Beogh.
   959 | D        | Found an iron altar of Okawaru.
   959 | D        | Found a bloodstained altar of Trog.
   959 | D        | Noticed a human
   960 | D        | Noticed a human
   962 | D        | Killed a human
   962 | D        | Reached skill level 1 in Spellcasting
   974 | D        | Killed a human
   974 | D        | Reached skill level 10 in Stealth
  1088 | D        | Found a basalt altar of Yredelemnul.
  1088 | D        | Found a shadowy altar of Dithmenos.
  1088 | D        | Found a sacrificial altar of Ru.
  1090 | D        | Reached skill level 1 in Summonings
  1091 | D        | Reached XP level 8. HP: 34/39 MP: 7/12
  1116 | D        | Reached skill level 11 in Stealth
  1128 | D        | Found a blossoming altar of Fedhas.
  1128 | D        | Found a stormy altar of Qazlal.
  1128 | D        | Found a snail-covered altar of Cheibriados.
  1128 | D        | Found a burning altar of Makhleb.
  1128 | D        | Found a shimmering altar of Xom.
  1129 | D        | Found a hazy altar of Hepliaklqana.
  1129 | D        | Found an opulent altar of Gozag.
  1129 | D        | Found a sparkling altar of Nemelex Xobeh.
  1129 | D        | Found a corrupted altar of Lugonu.
  1129 | D        | Found a viscous altar of Jiyva.
  1167 | D        | Learned a level 2 spell: Call Imp
  1176 | D        | Learned a level 3 spell: Conjure Flame
  1548 | D        | Reached skill level 10 in Dodging
  1548 | D        | Reached skill level 12 in Stealth
  1675 | D        | Reached skill level 1 in Conjurations
  1680 | D        | Noticed Erolcha
  1683 | D        | Killed Erolcha
  1683 | D        | Reached skill level 14 in Stealth
  1683 | D        | Reached skill level 5 in Spellcasting
  1683 | D        | Reached skill level 1 in Necromancy
  1683 | D        | Reached skill level 1 in Translocations
  1683 | D        | Reached XP level 9. HP: 42/42 MP: 13/17
  1702 | D        | Gained mutation: You are partially covered in slimy green scales. (AC +2) [potion of mutation]
  1702 | D        | Gained mutation: You have a pair of small horns on your head. [potion of mutation]
  1702 | D        | Gained mutation: You are frail. (-10% HP) [potion of mutation]
  1705 | D        | Reached skill level 15 in Stealth
  1705 | D        | Reached skill level 1 in Evocations
  1706 | D        | HP: 2/55 [poisoned by a redback]
  1709 | D        | Succumbed to a redback's poison
  1710 | D        | Reached XP level 8. HP: -1/35 MP: 17/17
  1748 | D        | Noticed a queen bee
  1815 | D        | Slain by a killer bee
  1816 | D        | Reached XP level 7. HP: -3/31 MP: 16/16
  1828 | D        | HP: 1/31 [poisoned by a killer bee]
  1832 | D        | Succumbed to a killer bee's poison

Skill      XL: |  1  2  3  4  5  6  7  8  9 |
---------------+----------------------------+-----
Fighting       | 4 6 |  6.4
Dodging        | 5 6 9 10 | 10.1
Unarmed Combat | 6 7 8 12 13 | 13.9
Stealth        | 3 4 9 10 14 15 | 15.2
Spellcasting   | 2 5 |  5.5
Summonings     | 1 3 4 |  4.2
Conjurations   | 2 3 |  3.7
Necromancy     | 1 |  1.6
Translocations | 1 2 |  2.0
Evocations     | 1 |  1.0

Action                   |  1- 3 |  4- 6 |  7- 9 || total
-------------------------+-------+-------+-------++-------
Melee: Unarmed           |    38 |    23 |    42 ||   103
       Bite              |     3 |     2 |     5 ||    10
       Punch             |       |       |     2 ||     2
       Headbutt          |       |       |     1 ||     1
 Cast: Animate Skeleton  |       |     1 |     2 ||     3
       Summon Small Mamm |       |       |    10 ||    10
       Call Imp          |       |       |     4 ||     4
       Blink             |       |       |     1 ||     1
Evoke: Wand              |       |       |     2 ||     2
  Use: Potion            |     1 |     1 |     3 ||     5
 Stab: Sleeping          |       |     1 |    11 ||    12
       Distracted        |       |       |     1 ||     1
  Eat: Chunk             |     2 |       |       ||     2
Armor: Skin              |       |       |     1 ||     1
Dodge: Dodged            |    23 |    11 |    71 ||   105
